 Dungeon Crawl Stone Soup version 0.28-a0-906-g0406aca7d3 (webtiles) character file.

Game seed: 17074738392138139331

182908 ytrimaz the Severer (level 17, -11/140 HPs)
             Began as a Demonspawn Fighter on Nov 22, 2021.
             Was the Champion of Okawaru.
             Mangled by a salamander (27 damage)
             ... on level 4 of the Snake Pit on Nov 23, 2021.
             The game lasted 01:06:10 (36152 turns).

ytrimaz the Severer (Demonspawn Fighter)           Turns: 36152, Time: 01:06:11

Health: -11/140    AC: 46    Str: 22    XL:     17   Next: 72%
Magic:  26/26      EV:  7    Int: 12    God:    Okawaru [******]
Gold:   2295       SH: 16    Dex:  9    Spells: 16/16 levels left

rFire   . . .      SeeInvis +   V - +7 broad axe (drain)
rCold   . . .      Faith    .   n - +5 buckler "Komahamp" {+Blink Will++ Regen+ Dex-3}
rNeg    . . .      Spirit   .   W - +5 crystal plate armour
rPois   +          Reflect  +   M - +2 helmet
rElec   .          Harm     .   T - +2 cloak {rCorr}
rCorr   +          Rampage  .   O - +2 pair of gloves {archery}
Will    +++..                   (boots unavailable)
Stlth   ..........              U - amulet of Wipnopyxiav {Reflect Regen+ SH+5}
HPRegen 2.33/turn               e - ring of see invisible
MPRegen 0.40/turn               l - +4 ring of slaying

@: heroic, studying Conjurations
A: hooves 3, slimy green scales 3, magic regeneration, demonic magic 3
a: Renounce Religion, Evoke Blink, Heroism, Finesse, Duel


You were on level 4 of the Snake Pit.
You worshipped Okawaru.
Okawaru was exalted by your worship.
You visited 5 branches of the dungeon, and saw 28 of its levels.
You also visited: Ossuary, Bailey and Gauntlet.

You collected 3123 gold pieces.
You spent 828 gold pieces at shops.

Inventory:

Hand Weapons
 F - a +0 falchion of flaming
 I - the +6 executioner's axe "Pulacw" {freeze, Str+4}
   (Okawaru gifted it to you on level 5 of the Lair of Beasts)

   It freezes those it strikes, dealing additional cold damage.
   It can also slow down cold-blooded creatures.
   Str:       It affects your strength (+4).
 J - a +0 vorpal broad axe
 V - a +7 broad axe of draining (weapon)
Missiles
 m - 105 poisoned darts
 B - 11 javelins
 C - 4 throwing nets
 E - 21 boomerangs (quivered)
 Y - 13 boomerangs of dispersal
 Z - 18 silver javelins
Armour
 a - a +0 tower shield of protection
 n - the +5 buckler "Komahamp" (worn) {+Blink Will++ Regen+ Dex-3}
   (You found it on level 15 of the Dungeon)

   Dex:       It affects your dexterity (-3).
   +Blink:    It lets you blink.
   Regen:     It increases your rate of health regeneration.
   Will:      It greatly increases your willpower.
 M - a +2 helmet (worn)
 O - a +2 pair of gloves of archery (worn)
 T - a +2 cloak of preservation (worn)
 W - a +5 crystal plate armour (worn)
Jewellery
 e - a ring of see invisible (left hand)
 l - a +4 ring of slaying (right hand)
 t - an amulet of guardian spirit
 U - the amulet of Wipnopyxiav (around neck) {Reflect Regen+ SH+5}
   (You found it in a Gauntlet)

   [amulet of reflection]

   It reflects blocked missile attacks.
   Regen:     It increases your rate of health regeneration.
   SH:        It affects your SH (+5).
Wands
 p - a wand of acid (5)
 y - a wand of flame (107)
 H - a wand of digging (15)
 N - a wand of paralysis (18)
 Q - a wand of iceblast (37)
 S - a wand of mindburst (24)
Scrolls
 j - 7 scrolls of magic mapping
 o - 2 scrolls of fear
 u - 2 scrolls of noise
 z - 4 scrolls of teleportation
 A - 5 scrolls of blinking
 G - a scroll of holy word
 L - a scroll of identify
 R - a scroll of amnesia
 X - 3 scrolls of fog
Potions
 b - 5 potions of brilliance
 c - 2 potions of invisibility
 d - 3 potions of cancellation
 f - 2 potions of ambrosia
 g - 6 potions of curing
 h - a potion of berserk rage
 i - 2 potions of lignification
 k - 3 potions of might
 q - 4 potions of resistance
 r - 3 potions of magic
 s - 3 potions of haste
 v - 3 potions of flight
 w - 3 potions of mutation
 x - 6 potions of attraction
 D - a potion of heal wounds


   Skills:
 + Level 14.8(19.8) Fighting
 - Level 0.2(5.2) Long Blades
 - Level 18.0(23.0) Axes
 * Level 13.2(18.2) Throwing
 + Level 13.1(18.1) Armour
 + Level 4.9(9.9) Shields
 - Level 13.0 Invocations


You had 16 spell levels left.
You didn't know any spells.
Your spell library contained the following spells:

 Spells                   Type           Power      Damage    Failure   Level
 Apportation              Tloc           0%         N/A       100%        1
 Beastly Appendage        Tmut           0%         N/A       100%        1
 Foxfire                  Conj/Fire      0%         2x1d4     100%        1
 Shock                    Conj/Air       0%         1d3       100%        1
 Slow                     Hex            0%         N/A       100%        1
 Corpse Rot               Necr/Air       0%         N/A       100%        2
 Ensorcelled Hibernation  Hex/Ice        0%         N/A       100%        2
 Passwall                 Tmut/Erth      0%         N/A       100%        2
 Wereblood                Tmut           0%         N/A       100%        2
 Confusing Touch          Hex            0%         N/A       100%        3
 Conjure Flame            Conj/Fire      0%         6-21      100%        3
 Dazzling Flash           Conj/Hex       0%         N/A       100%        3
 Ignite Poison            Fire/Tmut/Pois 0%         N/A       100%        3
 Inner Flame              Hex/Fire       0%         N/A       100%        3
 Mephitic Cloud           Conj/Pois/Air  0%         N/A       100%        3
 Ozocubu's Armour         Ice            0%         N/A       100%        3
 Spider Form              Tmut/Pois      0%         N/A       100%        3
 Stone Arrow              Conj/Erth      0%         3d7       100%        3
 Swiftness                Air            0%         N/A       100%        3
 Airstrike                Air            0%         N/A       100%        4
 Cause Fear               Hex            0%         N/A       100%        4
 Dispel Undead            Necr           0%         3d6       100%        4
 Flame Wave               Conj/Fire      0%         3d3       100%        4
 Iskenderun's Mystic Bla  Conj/Tloc      0%         2d3       100%        4
 Passage of Golubria      Tloc           0%         N/A       100%        4
 Petrify                  Tmut/Erth      0%         N/A       100%        4
 Freezing Cloud           Conj/Ice/Air   0%         6-21      100%        5
 Iskenderun's Battlesphe  Conj           0%         2d6       100%        5
 Lightning Bolt           Conj/Air       0%         1d11      100%        5
 Silence                  Hex/Air        0%         N/A       100%        5
 Yara's Violent Unravell  Hex/Tmut       0%         3d3       100%        5
 Iron Shot                Conj/Erth      0%         9d1       100%        6
 Starburst                Conj/Fire      0%         6d3       100%        6
 Ozocubu's Refrigeration  Ice            0%         4d5       100%        7
 Discord                  Hex            0%         N/A       100%        8
 Lehudib's Crystal Spear  Conj/Erth      0%         10d2      100%        8
 Animate Skeleton         Necr           Unusable   N/A       N/A         1
 Summon Small Mammal      Summ           Unusable   N/A       N/A         1
 Summon Lightning Spire   Summ/Air       Unusable   N/A       N/A         4
 Death Channel            Necr           Unusable   N/A       N/A         6
 Spellforged Servitor     Conj/Summ      Unusable   N/A       N/A         7

Dungeon Overview and Level Annotations

Branches:
Dungeon (15/15)            Temple (1/1) D:5            Lair (6/6) D:9
 Shoals (0/4) Lair:4        Snake (4/4) Lair:4        Slime (0/5) Lair:5
    Orc (2/2) D:12            Elf (0/3) Orc:2        Vaults (0/5) D:13
 Depths (0/4) D:15        Ossuary (visited)          Bailey (visited)
Gauntlet (visited)

Altars:
Ashenzari
Cheibriados
Dithmenos
Elyvilon
Fedhas
Gozag
Hepliaklqana
Kikubaaqudgha
Makhleb
Nemelex Xobeh
Okawaru
Qazlal
Ru
Sif Muna
Trog
Uskayaw
Vehumet
Wu Jian
Xom
Yredelemnul
Zin
The Shining One
Beogh

Shops:
D:5 (   D:8 *   D:14 [   Orc:2 :*[(   Snake:2 *=?   Snake:3 =:=:

Annotations:
Lair:3 1 runed translucent door, Nieclary's ghost, journeyman TrTm


Innate Abilities, Weirdness & Mutations

You have hooves in place of feet.
You are completely covered in slimy green scales. (AC +4, rPois)
You regenerate magic rapidly.
Spells you cast and wands you use may paralyse nearby enemies.


Message History

You feel sick. You block the salamander's attack.
The salamander hits you from afar with a +2 trident of flaming.
You are engulfed in flames!
The salamander burns you.
You block the salamander mystic's attack.
Things that are here:
a +0 short sword; a +0 robe; a potion of curing Unknown command.
You slash the salamander mystic! You drain the salamander mystic.
The salamander mystic is heavily wounded.
You feel sick.
The salamander hits you from afar with a +2 trident of flaming!
* * * LOW HITPOINT WARNING * * *
You are engulfed in flames!
* * * LOW HITPOINT WARNING * * *
The salamander burns you.
* * * LOW HITPOINT WARNING * * *
The salamander mystic gestures at you while chanting.
The lance of force hits you but does no damage.
Unknown command.
You feel much better.
You feel sick.
You are no longer poisoned.
You block the salamander's attack.
The salamander mystic hits you but does no damage.
Unknown command.
Unknown command.
You slice the salamander mystic!! You drain the salamander mystic!
The salamander mystic is almost dead.
The salamander hits you from afar with a +2 trident of flaming.
* * * LOW HITPOINT WARNING * * *
You are engulfed in flames!
* * * LOW HITPOINT WARNING * * *
The salamander burns you.
* * * LOW HITPOINT WARNING * * *
Unknown command.
You slice the salamander mystic!!
You kill the salamander mystic!
Okawaru accepts your kill.
You hear a sizzling splash. x2
The salamander hits you from afar with a +2 trident of flaming!!
You die...

#.....##§.≈§≈##...###..
###...##
##....#.§≈≈≈##...##.....
##...#
##...#)§§≈§#...##..§§§§
##...
###.#'#####'..#..≈≈≈§≈
#...
#...##...#+##§≈§≈§§§
####
#####..)))##§§§≈§§§≈
#.......#.§§≈§§≈≈
#......)'.≈N§≈≈§≈
#.......#@§≈§≈§§≈
##.....##.≈≈§§≈§§
##...###))≈§≈≈≈≈ #####
##.§§≈≈≈≈ ..≈≈≈≈≈
#..≈≈≈≈ #..... ##... ###


You could see a salamander (fast, strong).

Vanquished Creatures
  Vashnia (Snake:2)
  Saint Roka (Snake:3)
  Gastronok (Lair:2)
  An orc warlord (Orc:2)
  Louise (D:14)
  A caustic shrike skeleton (D:15)
  A quicksilver ooze (shapeshifter) (D:14)
  Nessos (Lair:5)
  A minotaur (Gauntlet)
  Snorg (Lair:4)
  Josephine (D:13)
  17 naga warriors
  An ogre mage (D:15)
  2 salamander tyrants
  8 vault guards (D:13)
  2 boulder beetles (D:15)
  11 hydras
  5 catoblepae
  A death knight (D:14)
  13 two-headed ogres
  Erica (D:8)
  12 anacondas
  A tengu warrior (D:15)
  3 centaur warriors
  The ghost of HuGe the Protected, a novice MiBe of Trog (Lair:1)
  13 death yaks
  9 shock serpents
  6 orc high priests
  11 naga sharpshooters
  A skeletal warrior (D:14)
  7 salamander mystics
  2 sea snakes (Snake:2)
  A flayed ghost (D:15)
  6 naga ritualists
  A tengu zombie (D:15)
  A wizard (D:15)
  2 glowing orange brains (Gauntlet)
  4 lindwurms
  5 orc knights
  A deep elf pyromancer (D:13)
  9 mana vipers
  An iron dragon zombie (D:15)
  A necromancer (D:15)
  8 orc sorcerers
  3 ugly things
  15 salamanders
  7 cyclopes
  6 manticores
  A worldbinder (Gauntlet)
  33 black mambas
  6 guardian serpents
  2 merfolk sirens (Lair:4)
  6 cane toads
  A spriggan zombie (D:15)
  22 naga magi
  2 torpor snails
  11 elephants
  Maggie (D:8)
  Psyche (D:8)
  3 komodo dragons
  A minotaur zombie (Gauntlet)
  A gargoyle (D:12)
  2 kobold demonologists
  16 rime drakes
  A tengu conjurer (D:12)
  A guardian mummy (D:14)
  An efreet (D:15)
  A polar bear (Lair:2)
  2 merfolk (Lair:4)
  7 trolls
  A hornet (D:8)
  21 slime creatures
  Prince Ribbit (D:8)
  12 blink frogs
  2 dream sheep (D:9)
  2 water elementals (D:15)
  A shadow (D:12)
  5 wraiths
  10 wyverns
  A vampire (D:13)
  5 vampire mosquitoes
  46 yaks
  7 basilisks
  A chaos spawn (Gauntlet)
  A neqoxec (Gauntlet)
  6 wargs
  16 steam dragons
  A naga (shapeshifter) (D:8)
  50 nagas
  9 water moccasins
  5 acid dragons
  A hell hound (D:15)
  53 orc warriors
  A sky beast (D:7)
  2 black bears
  2 ice beasts
  A boggart (Gauntlet)
  3 ogres
  3 wolves (Lair:4)
  2 necrophages
  6 centaurs
  6 kobold brigands
  An elf zombie (Ossuary)
  7 bullfrogs
  A wyvern zombie (D:8)
  3 gnoll sergeants
  5 earth elementals (D:15)
  2 scorpions (D:6)
  3 killer bees (D:8)
  A wight (D:8)
  5 electric eels
  6 centaur zombies
  4 hounds
  2 human zombies (Ossuary)
  3 gnoll shamans (D:5)
  24 orc priests
  2 jellies
  A centaur skeleton (D:7)
  3 iguanas
  13 orc wizards
  12 hell rats
  A killer bee zombie (D:8)
  4 hound zombies (Ossuary)
  3 mummies (Ossuary)
  2 howler monkey zombies
  39 gnolls
  7 adders
  A river rat (D:9)
  2 shadow imps (D:8)
  3 white imps
  An ufetubus (D:5)
  4 adder zombies (Ossuary)
  A worm (D:3)
  102 orcs
  5 endoplasms
  4 giant cockroaches
  2 gnoll zombies (Ossuary)
  30 goblins
  14 hobgoblins
  15 jackals
  28 kobolds
  5 quokkas
  3 ball pythons
  5 bats
  3 frilled lizards
  7 goblin zombies (Ossuary)
  A hobgoblin zombie (Ossuary)
  4 jackal zombies (Ossuary)
  3 kobold zombies (Ossuary)
  An orc zombie (Ossuary)
  5 quokka zombies (Ossuary)
  8 rats
  A rat zombie (Ossuary)
1026 creatures vanquished.

Vanquished Creatures (others)
  A rime drake (Lair:3)
  A steam dragon (Lair:3)
  An orc wizard (Orc:2)
  An orc (Orc:2)
  A goblin (D:2)
  23 fungi
  54 plants
82 creatures vanquished.

Grand Total: 1108 creatures vanquished

Notes
Turn   | Place    | Note
-------+----------+-------------------------------------------
     0 | D:1      | ytrimaz the Demonspawn Fighter began the quest for the Orb.
     0 | D:1      | Reached XP level 1. HP: 18/18 MP: 1/1
    42 | D:1      | Gained mutation: You are partially covered in slimy green
                  | scales. (AC +2) [demonic ancestry]
    42 | D:1      | Reached XP level 2. HP: 17/24 MP: 2/2
   219 | D:1      | Reached skill level 2 in Axes
   483 | D:1      | Found a faded altar of an unknown god.
   545 | D:2      | Gained mutation: You are mostly covered in slimy green
                  | scales. (AC +3) [demonic ancestry]
   545 | D:2      | Reached XP level 3. HP: 29/29 MP: 3/3
   581 | D:2      | Found an ancient bone altar of Kikubaaqudgha.
   763 | D:2      | Upgraded the game from 0.28-a0-895-g6e5f11bd55 to
                  | 0.28-a0-906-g0406aca7d3
  1324 | D:2      | Gained mutation: You are completely covered in slimy green
                  | scales. (AC +4, rPois) [demonic ancestry]
  1324 | D:2      | Reached XP level 4. HP: 27/35 MP: 4/4
  2011 | D:3      | Reached skill level 3 in Axes
  2180 | D:3      | Found a sacrificial altar of Ru.
  2917 | D:4      | Reached XP level 5. HP: 24/41 MP: 5/5
  3714 | D:4      | Noticed a necrophage
  3728 | D:4      | Killed a necrophage
  3729 | D:4      | Reached skill level 4 in Axes
  3729 | D:4      | Gained mutation: You have large cloven feet. [demonic
                  | ancestry]
  3729 | D:4      | Reached XP level 6. HP: 47/48 MP: 6/6
  4147 | D:5      | Entered Level 5 of the Dungeon
  4167 | D:5      | Found a staircase to the Ecumenical Temple.
  4193 | D:5      | Noticed an ice beast
  4208 | D:5      | Killed an ice beast
  4229 | Temple   | Entered the Ecumenical Temple
  4514 | Temple   | Became a worshipper of Warmaster Okawaru
  4854 | D:5      | Found Vifrintosch's Weapon Shop.
  5044 | D:5      | Reached XP level 7. HP: 41/54 MP: 7/7
  5237 | D:5      | Reached skill level 1 in Invocations
  5238 | D:5      | Reached skill level 5 in Axes
  5502 | D:5      | Reached * piety under Okawaru
  6361 | D:5      | Noticed a troll
  6370 | D:5      | Killed a troll
  6371 | D:5      | Reached skill level 6 in Axes
  6371 | D:5      | Reached XP level 8. HP: 19/61 MP: 10/10
  6745 | D:6      | Noticed a two-headed ogre
  7100 | D:6      | Reached skill level 5 in Armour
  7412 | D:6      | Killed a two-headed ogre
  7412 | D:6      | Reached ** piety under Okawaru
  7413 | D:6      | Reached skill level 5 in Fighting
  7413 | D:6      | Reached skill level 7 in Axes
  7413 | D:6      | Reached skill level 5 in Invocations
  7777 | D:6      | Reached XP level 9. HP: 57/68 MP: 12/12
  8051 | D:6      | Identified the +1 plate armour "Pikibb" {MP+9}
  8565 | D:7      | Reached *** piety under Okawaru
  8758 | D:7      | Identified the +2 ring mail of Space {rPois rC+ Regen+
                  | Str-5}
  9264 | D:8      | Found a sand-covered staircase.
  9286 | Ossuary  | Entered an ossuary
  9476 | Ossuary  | Reached skill level 8 in Axes
  9684 | D:8      | Noticed Maggie
  9700 | D:8      | Killed Maggie
  9867 | D:8      | Reached **** piety under Okawaru
  9900 | D:8      | Noticed an eight-headed hydra
 10280 | D:8      | Noticed a kobold demonologist
 10284 | D:8      | Noticed a hellwing
 10290 | D:8      | Noticed an ice devil
 10294 | D:8      | Killed a kobold demonologist
 10295 | D:8      | Reached skill level 9 in Axes
 10295 | D:8      | Gained mutation: You have hoof-like feet. [demonic
                  | ancestry]
 10295 | D:8      | Reached XP level 10. HP: 66/76 MP: 15/15
 10847 | D:8      | Found an ancient bone altar of Kikubaaqudgha.
 11094 | D:9      | Noticed a death yak
 11111 | D:9      | Noticed a death yak
 11113 | D:9      | Noticed a death yak
 11118 | D:9      | Killed a death yak
 11118 | D:9      | Reached ***** piety under Okawaru
 11133 | D:9      | Killed a death yak
 11134 | D:9      | Reached skill level 10 in Axes
 11146 | D:9      | Killed a death yak
 11146 | D:9      | Received a gift from Okawaru
 11193 | D:9      | Found a staircase to the Lair.
 11377 | D:9      | Noticed a centaur warrior
 11384 | D:9      | Killed a centaur warrior
 11994 | D:9      | Reached XP level 11. HP: 36/84 MP: 17/17
 12779 | D:9      | Noticed a two-headed hydra
 12784 | D:9      | Killed a one-headed hydra
 12789 | D:9      | Reached skill level 11 in Axes
 12948 | D:10     | Entered Level 10 of the Dungeon
 13143 | D:10     | Noticed a two-headed ogre
 13158 | D:10     | Killed a two-headed ogre
 13816 | D:11     | Found a flagged portal.
 13844 | Bailey   | Entered a bailey
 13886 | Bailey   | Found an iron altar of Okawaru.
 13886 | Bailey   | Noticed an orc high priest
 13896 | Bailey   | Noticed a sixfirhy
 13901 | Bailey   | Killed an orc high priest
 13902 | Bailey   | Reached skill level 1 in Throwing
 14550 | Bailey   | Noticed an orc knight
 14565 | Bailey   | Killed an orc knight
 14846 | Bailey   | Acquired the +3 buckler of Restlessness {Will+}
 15003 | D:11     | Noticed a four-headed hydra
 15011 | D:11     | Killed a one-headed hydra
 15012 | D:11     | Reached skill level 12 in Axes
 15015 | D:11     | Reached ****** piety under Okawaru
 15387 | D:11     | Received a gift from Okawaru
 15388 | D:11     | Gained mutation: You regenerate magic rapidly. [demonic
                  | ancestry]
 15388 | D:11     | Reached XP level 12. HP: 80/93 MP: 19/19
 16056 | D:12     | Noticed a two-headed ogre
 16082 | D:12     | Killed a two-headed ogre
 16288 | D:12     | Found a staircase to the Orcish Mines.
 16463 | D:12     | You fall into a shaft and drop 3 floors!
 16463 | D:15     | Entered Level 15 of the Dungeon
 16823 | D:14     | Found Zaosaup's Antique Armour Emporium.
 16831 | D:14     | Bought a glowing cloak for 255 gold pieces
 16872 | D:14     | Noticed a two-headed ogre
 16888 | D:14     | Killed a two-headed ogre
 16922 | D:14     | Noticed a seven-headed hydra
 16936 | D:14     | Killed a one-headed hydra
 16937 | D:14     | Reached skill level 13 in Axes
 16937 | D:14     | Reached skill level 5 in Throwing
 17213 | D:12     | Noticed a two-headed ogre
 17213 | D:12     | Noticed a two-headed ogre
 17512 | D:13     | Noticed Josephine
 17520 | D:13     | Killed Josephine
 17520 | D:13     | Received a gift from Okawaru
 18034 | D:12     | Killed a two-headed ogre
 18038 | D:12     | Killed a two-headed ogre
 18039 | D:12     | Gained mutation: You have hooves in place of feet. [demonic
                  | ancestry]
 18039 | D:12     | Reached XP level 13. HP: 100/101 MP: 18/20
 18735 | D:13     | Got the Catalogue of Weightlessness
 18995 | D:13     | Found a gate to the Vaults.
 19043 | D:13     | Reached skill level 10 in Armour
 19070 | D:13     | Reached skill level 14 in Axes
 19638 | D:14     | Noticed Louise
 19679 | D:14     | Killed Louise
 19680 | D:14     | Reached skill level 10 in Fighting
 20028 | D:14     | Noticed a quicksilver ooze
 20028 | D:14     | a great orb of eyes changed into a quicksilver ooze
 20030 | D:14     | Killed a quicksilver ooze
 20952 | D:15     | Reached skill level 10 in Invocations
 21105 | D:15     | Received a gift from Okawaru
 21111 | D:15     | Received a gift from Okawaru
 21461 | D:15     | Received a gift from Okawaru
 21621 | D:15     | Reached XP level 14. HP: 93/111 MP: 16/21
 21658 | D:15     | Found a staircase to the Depths.
 23074 | D:15     | Reached skill level 15 in Axes
 23547 | D:15     | Identified the +5 buckler "Komahamp" {+Blink Will++ Regen+
                  | Dex-3}
 23887 | D:8      | Noticed Psyche
 23901 | D:8      | Killed Psyche
 23943 | D:8      | Noticed Prince Ribbit
 23957 | D:8      | Killed Prince Ribbit
 23975 | D:8      | Noticed Erica
 23985 | D:8      | Killed Erica
 23985 | D:8      | Received a gift from Okawaru
 24185 | D:8      | Got the Papyrus of Ashen Weightlessness
 24326 | D:8      | Found Onilyt's Island Escapes.
 24407 | D:8      | Bought a scroll of teleportation for 36 gold pieces
 24407 | D:8      | Bought a scroll of fog for 24 gold pieces
 24407 | D:8      | Bought a scroll of fog for 24 gold pieces
 24407 | D:8      | Bought a scroll of blinking for 90 gold pieces
 24573 | Orc:1    | Entered Level 1 of the Orcish Mines
 24830 | Orc:2    | Entered Level 2 of the Orcish Mines
 24888 | Orc:2    | Found Qeulitiq's Book Shoppe.
 24950 | Orc:2    | Found Qireud's Antique Armour Emporium.
 25007 | Orc:2    | Found Ijoschumpa's Antique Weapon Boutique.
 25022 | Orc:2    | Found a staircase to the Elven Halls.
 25024 | Orc:2    | Bought a steaming halberd for 162 gold pieces
 25024 | Orc:2    | Identified the +7 halberd of the Shining Light {freeze, rC+
                  | Int+2 SInv} (You bought it in a shop on level 2 of the
                  | Orcish Mines)
 25080 | Orc:2    | Bought a bloodstained helmet for 237 gold pieces
 25080 | Orc:2    | Identified the +5 helmet "Maenacw" {Rampage rC+ Str-5} (You
                  | bought it in a shop on level 2 of the Orcish Mines)
 25121 | Orc:2    | Received a gift from Okawaru
 25711 | Orc:2    | Found Bathraxt's General Store.
 25711 | Orc:2    | Noticed an orc warlord
 25742 | Orc:2    | Killed an orc warlord
 26148 | Lair:1   | Entered Level 1 of the Lair of Beasts
 26196 | Lair:1   | Found a gate leading to a gauntlet.
 26205 | Gauntlet | Entered a Gauntlet
 26205 | Gauntlet | Found a transporter.
 26205 | Gauntlet | Found a transporter.
 26217 | Gauntlet | Found a transporter.
 26231 | Gauntlet | Found a large runed translucent door.
 26232 | Gauntlet | Found a large runed translucent door.
 26233 | Gauntlet | Found a large runed translucent door.
 26233 | Gauntlet | Found a large runed translucent door.
 26233 | Gauntlet | Found a large runed translucent door.
 26233 | Gauntlet | Found a large runed translucent door.
 26233 | Gauntlet | Found a large runed translucent door.
 26233 | Gauntlet | Found a large runed translucent door.
 26234 | Gauntlet | Found a runed translucent door.
 26234 | Gauntlet | Found a runed translucent gate.
 26235 | Gauntlet | Found a transporter.
 26235 | Gauntlet | Found a runed translucent gate.
 26235 | Gauntlet | Found a transporter.
 26235 | Gauntlet | Found a transporter.
 26237 | Gauntlet | Found a transporter.
 26237 | Gauntlet | Found a transporter.
 26247 | Gauntlet | Noticed a reaper
 26250 | Gauntlet | Found a transporter.
 26265 | Gauntlet | Found a transporter.
 26274 | Gauntlet | Found a transporter.
 26278 | Gauntlet | Found a runed translucent door.
 26304 | Gauntlet | Found a transporter.
 26312 | Gauntlet | Found a large runed translucent door.
 26313 | Gauntlet | Found a large runed translucent door.
 26314 | Gauntlet | Found a large runed translucent door.
 26314 | Gauntlet | Found a large runed translucent door.
 26314 | Gauntlet | Found a large runed translucent door.
 26314 | Gauntlet | Found a large runed translucent door.
 26315 | Gauntlet | Found a runed translucent gate.
 26315 | Gauntlet | Found a large runed translucent door.
 26315 | Gauntlet | Found a runed translucent door.
 26315 | Gauntlet | Found a large runed translucent door.
 26320 | Gauntlet | Found a transporter.
 26332 | Gauntlet | Found a transporter.
 26506 | Gauntlet | Identified the amulet "Xitibafani" {RegenMP rN+ MP+9}
 26584 | Gauntlet | Gained mutation: Spells you cast may paralyse adjacent
                  | enemies. [demonic ancestry]
 26584 | Gauntlet | Reached XP level 15. HP: 119/119 MP: 22/24
 26645 | Gauntlet | Identified the amulet of Wipnopyxiav {Reflect Regen+ SH+5}
 26687 | Gauntlet | Reached skill level 16 in Axes
 26689 | Gauntlet | Identified the +2 robe of the Lily {Int+4}
 26689 | Gauntlet | Identified the +2 robe of the Hidden Vale {Dex+2}
 26773 | Lair:1   | Found a runed translucent gate.
 26773 | Lair:1   | Found a runed translucent gate.
 26773 | Lair:1   | Found a runed translucent gate.
 26774 | Lair:1   | Noticed HuGe's ghost (novice MiBe)
 27319 | Lair:1   | Killed HuGe's ghost
 27335 | Lair:1   | Identified the +6 scimitar "Vengov" {pain, Int+2}
 27553 | Lair:2   | Found a snail-covered altar of Cheibriados.
 27605 | Lair:2   | Noticed Gastronok
 27617 | Lair:2   | Killed Gastronok
 27836 | Lair:2   | Received a gift from Okawaru
 28074 | Lair:3   | Received a gift from Okawaru
 28150 | Lair:3   | Noticed Nieclary's ghost (journeyman TrTm)
 28151 | Lair:3   | Found a runed translucent door.
 28300 | Lair:3   | Received a gift from Okawaru
 28386 | Lair:3   | Found the +7 Kryia's mail coat {PotionHeal*2 rC+}
 28388 | Lair:3   | Identified the +7 shortbow "Nyedwu Vauno" {vorpal, rF+++
                  | rC- rN+ rCorr}
 28869 | Lair:4   | You fall into a shaft and drop 2 floors!
 28869 | Lair:6   | Entered Level 6 of the Lair of Beasts
 29053 | Lair:5   | Noticed Nessos
 29064 | Lair:5   | Killed Nessos
 29121 | Lair:4   | Found a staircase to the Snake Pit.
 29149 | Lair:4   | Found a staircase to the Shoals.
 29194 | Lair:4   | Noticed Snorg
 29210 | Lair:4   | Killed Snorg
 29244 | Lair:4   | Received a gift from Okawaru
 29592 | Lair:4   | Identified the +6 hand axe "Kesh" {antimagic, Int+2 Stlth+}
 30158 | Lair:5   | Identified the +6 executioner's axe "Pulacw" {freeze,
                  | Str+4} (Okawaru gifted it to you on level 5 of the Lair of
                  | Beasts)
 30158 | Lair:5   | Received a gift from Okawaru
 30214 | Lair:5   | Found a staircase to the Slime Pits.
 30604 | Lair:6   | Reached skill level 17 in Axes
 30673 | Lair:6   | Reached skill level 10 in Throwing
 30987 | Lair:6   | Gained mutation: Spells you cast may paralyse nearby
                  | enemies. [demonic ancestry]
 30987 | Lair:6   | Reached XP level 16. HP: 129/129 MP: 25/25
 31037 | Lair:6   | Received a gift from Okawaru
 31816 | Snake:1  | Entered Level 1 of the Snake Pit
 32223 | Snake:1  | Received a gift from Okawaru
 32816 | Snake:2  | Found Unleq's Magic Scroll Boutique.
 32820 | Snake:2  | Found Neuts's Jewellery Shop.
 32822 | Snake:2  | Found Keops's General Store.
 32930 | Snake:2  | Reached skill level 18 in Axes
 33042 | Snake:2  | Identified the +1 ring mail of Jigsaw {Stlth+} (Okawaru
                  | gifted it to you on level 2 of the Snake Pit)
 33042 | Snake:2  | Received a gift from Okawaru
 33092 | Snake:2  | Noticed Vashnia
 33147 | Snake:2  | Killed Vashnia
 33720 | Snake:3  | Found Duppor's Jewellery Shop.
 33736 | Snake:3  | Gained mutation: Spells you cast and wands you use may
                  | paralyse nearby enemies. [demonic ancestry]
 33736 | Snake:3  | Reached XP level 17. HP: 67/137 MP: 26/26
 33959 | Snake:3  | Noticed Saint Roka
 33981 | Snake:3  | Killed Saint Roka
 34598 | Snake:3  | Found Enleut's Book Shop.
 34598 | Snake:3  | Found Zyzxuhy's Jewellery Emporium.
 34600 | Snake:3  | Found Xipraa's Book Shop.
 34968 | Snake:4  | Entered Level 4 of the Snake Pit
 35165 | Snake:4  | Identified the +5 quarterstaff "Wuon Odu" {vorpal, Drain
                  | +Blink Int+3 SInv} (Okawaru gifted it to you on level 4 of
                  | the Snake Pit)
 35165 | Snake:4  | Received a gift from Okawaru
 35948 | Snake:4  | Identified the +2 robe of Domoabi {rC+ Dex+2} (Okawaru
                  | gifted it to you on level 4 of the Snake Pit)
 35948 | Snake:4  | Received a gift from Okawaru
 36152 | Snake:4  | Mangled by a salamander

Illustrated notes

Levels and vault maps discovered:
D:1:      dpeg_arrival_court, layout_rooms,
          shapermc_ecumenical_altar_mp_highgroup
D:2:      layout_basic, basic_altar, minmay_goblin_outpost
D:3:      layout_basic, nicolae_ru_path_of_blood, gup_sewer_entry_bubbles,
          kennysheep_generic_room_5
D:4:      layout_basic, kennysheep_generic_room_11
D:5:      lemuel_castle_with_subvaults [lemuel_castle_interior_carwin_3],
          layout_basic, temple_pool_b, serial_shops,
          nicolae_shop_bloodbath_and_beyond, minmay_manual_maat
D:6:      layout_loops_ring
D:7:      layout_rooms
D:8:      minmay_the_grid_octo_tiled_squarecenter
          [minmay_the_grid_octo_fan_narrow, minmay_the_grid_octo_clover,
          minmay_the_grid_octo_vomiting_pacman, minmay_the_grid_octo_horde,
          minmay_the_grid_square_5x5_megaprize_crossed,
          minmay_the_grid_square_5x5_n_small, minmay_the_grid_square_5x5_comb,
          minmay_the_grid_square_5x5_three,
          minmay_the_grid_square_5x5_minivault], layout_basic,
          chequers_ossuary_entry_cave, nicolae_island_escapes,
          uniq_prince_ribbit1, uniq_psyche, uniq_maggie, uniq_erica
D:9:      layout_irregular_city, dpeg_lair_monsters, hangedman_ranch
D:10:     layout_basic
D:11:     layout_roguey, enter_bailey_5, minivault_1
D:12:     layout_rooms, david_orc_5, minmay_increasing_density
D:13:     layout_irregular_city, erik_vaults_2, uniq_josephine
D:14:     layout_long_grid, serial_shops, nicolae_square_shop, serial_rivers,
          chequers_serial_rivers_micro_e, chequers_serial_rivers_room_b,
          chequers_serial_rivers_micro_d, chequers_serial_rivers_micro_a,
          chequers_serial_rivers_room_b, uniq_louise
D:15:     gammafunk_depths_entry_grave, layout_loops_cross, serial_bayou_ford_a,
          special_room [special_room_mythical_zoo], hangedman_cracks_in_the_wall
Temple:   regret_index_temple_sigil_plot
Lair:1:   layout_chaotic_city, gammafunk_ghost_hydra_chop,
          gauntlet_entry_generic
Lair:2:   layout_loops_ring, kennysheep_snail_temple, lemuel_fruit_tree,
          uniq_gastronok
Lair:3:   layout_chaotic_city, gammafunk_ghost_grave, st_stairs_12,
          bobbens_dragon_lair_wall, grunt_megastairs_3
Lair:4:   layout_regular_city, elwin_shoals_entry_stream,
          guppyfry_snake_entry_garden, uniq_snorg
Lair:5:   layout_regular_city, slime_dummy, infiniplex_staircase_pool,
          uniq_nessos
Lair:6:   evilmike_catoblepas_cave, layout_cave_pods, minivault_24
Snake:1:  layout_onion_interference, nicolae_snake_single_loop,
          nicolae_large_snake_swirl, grunt_megastairs_4
Snake:2:  layout_cave_shapes, drop_trap, serial_bayou_shore_a, minmay_shop_star,
          grunt_megastairs_5, uniq_vashnia
Snake:3:  cheibrodos_snake_ritualist_ritual, layout_chambers,
          nicolae_stop_n_shop_1, minmay_shop_grove, uniq_saint_roka
Snake:4:  snake_pit_salamanders_mu, layout_cave_town
Orc:1:    layout_caves
Orc:2:    grunt_orc_gardens, layout_caves, grunt_orc_garden, grunt_orc_garden,
          grunt_orc_garden, grunt_orc_garden, minmay_orc_temple_c

Skill      XL: |  1  2  3  4  5  6  7  8  9 10 11 12 13 14 15 16 17 |
---------------+----------------------------------------------------+-----
Axes           | 2 3 4 6 7 9 10 12 13 14 15 17 18 | 18.0
Armour         | 3 4 6 7 8 9 10 11 12 13 | 13.1
Shields        | 3 4 |  4.9
Fighting       | 4 5 6 7 8 9 10 11 12 13 14 | 14.8
Invocations    | 3 5 7 9 10 12 13 | 13.0
Throwing       | 2 5 7 8 10 12 13 | 13.2
Long Blades    | |  0.2

Action                   |  1- 3 |  4- 6 |  7- 9 | 10-12 | 13-15 | 16-18 || total
-------------------------+-------+-------+-------+-------+-------+-------++-------
Melee: War axe           |    99 |   224 |   414 |   454 |   137 |       ||  1328
       Kick              |       |    19 |   137 |   181 |   370 |   177 ||   884
       Broad axe         |       |       |       |    18 |   912 |   617 ||  1547
       Falchion          |       |       |       |    22 |    60 |     5 ||    87
Throw: Throwing net      |       |       |     1 |       |     4 |       ||     5
       Boomerang         |       |       |       |    56 |    61 |   166 ||   283
Invok: Heroism           |       |       |     6 |    19 |    28 |    10 ||    63
       Finesse           |       |       |       |     3 |     7 |     3 ||    13
Evoke: Wand              |       |       |     5 |     1 |       |       ||     6
  Use: Scroll            |       |     5 |     6 |    10 |    22 |     8 ||    51
       Potion            |       |       |     5 |     2 |     4 |     2 ||    13
 Stab: Held in net/web   |       |       |       |       |     1 |       ||     1
       Petrified         |       |       |       |       |     4 |       ||     4
       Distracted        |       |       |       |       |     1 |       ||     1
Armor: Scale mail        |    66 |   103 |    69 |       |       |       ||   238
       Plate armour      |       |       |   151 |   332 |    56 |       ||   539
       Crystal plate arm |       |       |       |       |   834 |   402 ||  1236
Dodge: Dodged            |    63 |   162 |   279 |   155 |   201 |   100 ||   960
Block: Buckler           |    31 |    47 |   125 |   157 |   612 |   471 ||  1443
       Reflection        |       |       |       |       |     5 |    50 ||    55

Table legend: (Time is in decaauts)
 A = Elapsed time spent in this place.
 B = Non-inter-level travel time spent in this place.
 C = Inter-level travel time spent in this place.
 D = Time resting spent in this place.
 E = Time spent auto-exploring this place.
 F = Levels seen in this place.
 G = Mean time per level.
                   A        B        C        D        E       F      G
               +--------+--------+--------+--------+--------+-----+--------+
         Total |  35787 |  34479 |   1308 |   8134 |  18679 |  31 | 1154.4 |
       Dungeon |  22963 |  22014 |    949 |   7041 |  10791 |  15 | 1530.9 |
        Temple |    314 |    286 |     28 |      0 |    212 |   1 |  314.0 |
          Lair |   5060 |   4829 |    231 |    156 |   3518 |   6 |  843.3 |
     Snake Pit |   4127 |   4068 |     59 |    372 |   2611 |   4 | 1031.8 |
  Orcish Mines |   1406 |   1366 |     40 |    312 |    661 |   2 |  703.0 |
       Ossuary |    385 |    385 |      0 |      0 |    160 |   1 |  385.0 |
        Bailey |   1013 |   1013 |      0 |    210 |    596 |   1 | 1013.0 |
      Gauntlet |    514 |    514 |      0 |     43 |    129 |   1 |  514.0 |
               +--------+--------+--------+--------+--------+-----+--------+

Top non-repeatable levels by time:
    D:14: 2625 daAuts
     D:5: 2328 daAuts
     D:8: 2196 daAuts
    D:15: 2031 daAuts
     D:9: 1940 daAuts
     D:6: 1706 daAuts
    D:11: 1702 daAuts
    D:13: 1427 daAuts
     D:3: 1417 daAuts
  Lair:6: 1319 daAuts
     D:2: 1285 daAuts
 Snake:3: 1184 daAuts
   Orc:2: 1131 daAuts
 Snake:4: 1125 daAuts
    D:12: 1071 daAuts
